 Dungeon Crawl Stone Soup version 0.26.1-2-gb8aa6d0cf2 (webtiles) character file.

Game seed: 15117756077426485619

199 littlecub the Chopper (level 5, -1/42 HPs)
             Began as a Demonspawn Gladiator on Jan 27, 2021.
             Slain by Pikel
             ... wielding a +0 whip of flaming
              (3 damage)
             ... on level 4 of the Dungeon on Feb 8, 2021.
             The game lasted 00:05:20 (3058 turns).

littlecub the Chopper (Demonspawn Gladiator)        Turns: 3058, Time: 00:05:20

Health: -1/42      AC:  8    Str: 15    XL:     5   Next: 48%
Magic:  5/5        EV: 11    Int: 11    God:
Gold:   155        SH:  0    Dex: 15    Spells: 4/4 levels left

rFire    . . .     SeeInvis .   x - +0 battleaxe
rCold    . . .     Faith    .   (shield currently unavailable)
rNeg     . . .     Spirit   .   v - +0 scale mail (curse)
rPois    .         Reflect  .   c - +0 helmet
rElec    .         Harm     .   s - +0 cloak
rCorr    .         Rampage  .   (no gloves)
Will     .....                  (no boots)
Stlth    +.........             k - amulet of regeneration
HPRegen  0.54/turn              u - ring of stealth
MPRegen  0.09/turn              (no ring)

@: attractive, flying
A: spiny 1, big brain 1
a: no special abilities


You were on level 4 of the Dungeon.
You visited 1 branch of the dungeon, and saw 4 of its levels.

You collected 226 gold pieces.
You spent 71 gold pieces at shops.

Inventory:

Hand Weapons
 x - a +0 battleaxe (weapon)
Missiles
 d - 3 throwing nets
 t - 6 javelins (quivered)
Armour
 c - a +0 helmet (worn)
 s - a +0 cloak (worn)
 v - a cursed +0 scale mail (worn)
Jewellery
 k - an amulet of regeneration (around neck)
 m - an uncursed ring of fire
 u - a ring of stealth (left hand)
Scrolls
 a - 3 scrolls of teleportation {unknown}
 f - 2 scrolls of amnesia {unknown}
 j - 4 scrolls of fog {unknown}
 p - a scroll of remove curse {unknown}
 q - 2 scrolls of identify {unknown}
 r - a scroll of enchant weapon {unknown}
 w - 3 scrolls of noise {unknown}
Potions
 b - 2 potions of berserk rage {unknown}
 e - 2 potions of curing {unknown}
 g - 2 potions of flight
 h - a potion of resistance {unknown}
 i - a potion of heal wounds {unknown}
 l - a potion of brilliance {unknown}
 n - a potion of lignification {unknown}
 o - 2 potions of attraction


   Skills:
 * Level 3.6 Fighting
 * Level 3.9 Axes
 - Level 1.7 Throwing
 + Level 1.6 Armour
 + Level 3.4 Dodging


You had 4 spell levels left.
You didn't know any spells.
Your spell library contained the following spells:

 Spells                   Type           Power        Failure   Level
 Confusing Touch          Hex            0%           99%         3
 Gell's Gravitas          Tloc           0%           99%         3
 Petrify                  Tmut/Erth      0%           100%        4
 Metabolic Englaciation   Hex/Ice        0%           100%        5
 Yara's Violent Unravell  Hex/Tmut       0%           100%        5


Dungeon Overview and Level Annotations

Branches:
Dungeon (4/15)
 Temple: D:4-7

Altars:
Ashenzari
Hepliaklqana
Sif Muna
Zin

Shops:
D:4 *

Annotations:
D:4 Pikel


Innate Abilities, Weirdness & Mutations

You are partially covered in sharp spines.
You have an unusually large brain. (Int +2)


Message History

There is an open door here.
You hit Pikel.
Pikel is almost dead.
Pikel is struck by your spines. Pikel misses you.
Pikel hits you with a +0 whip of flaming.
* * * LOW HITPOINT WARNING * * *
Pikel burns you.
* * * LOW HITPOINT WARNING * * *
You closely miss Pikel.
Pikel is almost dead.
Pikel barely misses you.
You closely miss Pikel.
Pikel is almost dead.
Pikel hits you but does no damage.
Pikel says, "Hell isn't that bad."
Pikel is struck by your spines.
Pikel hits you with a +0 whip of flaming!
* * * LOW HITPOINT WARNING * * *
Pikel burns you.
You die...

#.......##.#.# #........#.###.##
####.##.##.#.# #..).............
#รท##....#.# #....)..###.##.##
#####.#######.# #.......# #.##.#
....#.#.......# #.......# #.##.#
###.#.#.#########.......# #.##.#
.....<#.# .............# #.##.#
###.#.#.#.#######.......###.##.##
#.#.#.#...555K@....[...........
#.#.#.#########.......###.##.##
#.#.#.# ######### #..#.# #(#.#.#
##.#.# #(..#.####### #.#.#
#####.......# #...# #.......##
##..# #........# ####.>##
#........# #.......


You could see Pikel and 3 lemures.

Vanquished Creatures
  A lemure (D:4)
  A hound (D:4)
  An orc priest (D:4)
  A worker ant (D:4)
  5 adders
  A worm (D:2)
  A dart slug (D:1)
  A leopard gecko (D:1)
  8 orcs
  6 bats
  3 giant cockroaches
  3 goblins
  8 hobgoblins
  4 jackals (D:2)
  7 kobolds
  5 frilled lizards
  A quokka skeleton (D:4)
  6 rats
63 creatures vanquished.

Notes
Turn   | Place    | Note
-------+----------+-------------------------------------------
     0 | D:1      | littlecub the Demonspawn Gladiator began the quest for the
                  | Orb.
     0 | D:1      | Reached XP level 1. HP: 16/16 MP: 1/1
     0 | D:1      | Upgraded the game from 0.26.0-45-g9c1d065592 to
                  | 0.26.1-2-gb8aa6d0cf2
   199 | D:1      | Gained mutation: You are partially covered in sharp spines.
                  | [demonic ancestry]
   199 | D:1      | Reached XP level 2. HP: 14/22 MP: 2/2
   963 | D:2      | Reached XP level 3. HP: 22/28 MP: 3/3
  1095 | D:2      | Found a broken altar of Ashenzari.
  1565 | D:3      | Reached skill level 1 in Armour
  1764 | D:3      | Found a hazy altar of Hepliaklqana.
  2304 | D:3      | Found a glowing silver altar of Zin.
  2304 | D:3      | Noticed an angel
  2406 | D:4      | Gained mutation: You have an unusually large brain. (Int
                  | +2) [demonic ancestry]
  2406 | D:4      | Reached XP level 4. HP: 26/35 MP: 4/4
  2595 | D:4      | Found Gyset's Mayhem Merchandise.
  2600 | D:4      | Reached XP level 5. HP: 41/41 MP: 5/5
  2605 | D:4      | Bought a +0 battleaxe for 71 gold pieces
  2977 | D:4      | Found a shimmering blue altar of Sif Muna.
  3040 | D:4      | Noticed a lemure
  3040 | D:4      | Noticed a lemure
  3040 | D:4      | Noticed a lemure
  3041 | D:4      | Noticed Pikel
  3041 | D:4      | Noticed a lemure
  3054 | D:4      | Killed a lemure
  3058 | D:4      | HP: 2/42 [Pikel/+0 whip of flaming (7)]
  3058 | D:4      | Slain by Pikel

Illustrated notes

Levels and vault maps discovered:
D:1:      mushboom_english_gardens, layout_basic
D:2:      layout_rooms, nicolae_ashenzari_panopticon, minmay_crystal_water,
          chequers_serial_rivers_large_b
D:3:      minmay_wonky_spiral, layout_basic, zin_angel,
          nzn_hepliaklqana_mist_gate, hangedman_abyss_or_decor_lesser_grid
D:4:      layout_basic, led_sif_pool, minmay_shop_mayhem, uniq_pikel

Skill      XL: |  1  2  3 |
---------------+----------+-----
Axes           | 3 |  3.9
Dodging        | 3 |  3.4
Armour         | 1 |  1.6
Fighting       | 3 |  3.6
Throwing       | |  1.7

Action                   |  1- 3 |  4- 6 || total
-------------------------+-------+-------++-------
Melee: War axe           |   115 |    12 ||   127
       Battleaxe         |       |    22 ||    22
  Use: Potion            |       |     2 ||     2
 Stab: Sleeping          |     1 |       ||     1
Armor: Leather armour    |    38 |       ||    38
       Ring mail         |     5 |     2 ||     7
       Scale mail        |       |    22 ||    22
Dodge: Dodged            |   101 |    25 ||   126
